 Dungeon Crawl Stone Soup version 0.29.0-4-gdea44cf6ec (webtiles) character file.

Game seed: 4674003580117900154

5520 qw the Grappler (level 10, -6/98 HPs)
             Began as a Troll Cinder Acolyte on Sept 2, 2022.
             Was a Priest of Ignis.
             Mangled by a two-headed ogre
             ... wielding a +0 giant club
              (16 damage)
             ... on level 9 of the Dungeon.
             The game lasted 00:03:38 (6940 turns).

qw the Grappler (Troll Cinder Acolyte)              Turns: 6940, Time: 00:03:39

Health: -6/98      AC: 15    Str: 28    XL:     10   Next: 43%
Magic:  0/10       EV:  9    Int: 10    God:    Ignis [***...]
Gold:   529        SH:  0    Dex:  5    Spells: 11/11 levels left

rFire   + . .      SeeInvis .     - Unarmed
rCold   . . .      Faith    .   (no shield)
rNeg    . . .      Spirit   +   a - +0 robe
rPois   .          Reflect  .   (helmet restricted)
rElec   .          Harm     .   (no cloak)
rCorr   .          Rampage  .   (gloves unavailable)
Will    +....      Clarity  +   (boots unavailable)
Stlth   +.........              i - amulet of guardian spirit
HPRegen 1.06/turn               j - +4 ring of protection
MPRegen 0.12/turn               (no ring)

@: about to teleport, fiery-armoured
A: large, unfitting armour, claws 3, regeneration 1, shaggy fur 1, tough skin 1,
clarity, strong-willed 1
a: Renounce Religion, Fiery Armour, Foxfire Swarm, Rising Flame


You were on level 9 of the Dungeon.
You worshipped Ignis.
Ignis was most pleased with you.
You visited 1 branch of the dungeon, and saw 9 of its levels.
You also visited: Sewer.

You collected 529 gold pieces.


Innate Abilities, Weirdness & Mutations

You are too large for most types of armour.
You have claws for hands.
Your natural rate of healing is unusually fast.
You are covered in fur. (AC +1)
You have tough skin. (AC +1)
You possess an exceptional clarity of mind.
You are strong-willed. (Will+)


   Skills:
 - Level 6.0 Fighting
 - Level 2.4 Dodging
 + Level 14.0 Unarmed Combat
 - Level 1.0 Spellcasting
 - Level 2.1 Fire Magic


You had 11 spell levels left.
You didn't know any spells.
Your spell library contained the following spells:

 Spells                   Type           Power      Damage    Failure   Level
 Scorch                   Fire           8%         2d5       22%         2

Inventory:

Armour
 a - a +0 robe (worn)
Jewellery
 i - an amulet of guardian spirit (around neck)
 j - a +4 ring of protection (left claw)
 m - a +4 ring of slaying {mikee}
Scrolls
 b - 2 scrolls of identify
 k - a scroll of silence {unknown}
Potions
 c - a potion of resistance
 d - 9 potions of curing
 e - 2 potions of cancellation
 f - a potion of might
 g - 2 potions of mutation
 l - 3 potions of haste

Dungeon Overview and Level Annotations

Branches:
Dungeon (9/15)             Temple (0/1) D:6           Sewer (visited)
   Lair: D:8-11         Orc: D:9-12

Altars:

Shops:
D:6 *

Annotations:
D:5 2 runed translucent doors
D:9 2 transporters


Message History

Enter note: You see here a +0 sling.
You see here a +0 sling.
You now have 529 gold pieces (gained 16).
Found 2 scrolls of summoning.
m - a +4 ring of slaying {mikee} The orc wizard shouts!
You hear a shout! x6
The ogre shouts!
You hear a shout!
The orc warrior shouts!
You hear a shout!
A wraith and a two-headed ogre come into view.
The two-headed ogre shouts in stereo!
You claw the two-headed ogre!
The two-headed ogre is moderately wounded.
You claw the two-headed ogre! Your claw misses the two-headed ogre.
The two-headed ogre is heavily wounded.
The two-headed ogre hits you with a +0 giant club.
The two-headed ogre hits you with a +0 giant spiked club!!
You scratch the two-headed ogre but do no damage.
The two-headed ogre is heavily wounded.
You completely miss the two-headed ogre.
You claw the two-headed ogre, but do no damage.
The two-headed ogre is heavily wounded.
The two-headed ogre hits you with a +0 giant club!!
The two-headed ogre hits you with a +0 giant spiked club!!
6938 ||| INVOKING Fiery Armour.
A protective cloak of flame settles atop you.
The two-headed ogre hits you with a +0 giant club!
The two-headed ogre is burned by your cloak of flames.
The two-headed ogre is heavily wounded.
The two-headed ogre hits you with a +0 giant spiked club!!
The two-headed ogre is burned by your cloak of flames.
The two-headed ogre is heavily wounded.
6939 ||| READING scroll of teleportation.
As you read the scroll of teleportation, it crumbles to dust.
You feel strangely unstable.
You claw the two-headed ogre!
The two-headed ogre is severely wounded.
The two-headed ogre barely misses you.
The two-headed ogre hits you with a +0 giant spiked club!
You die...

## #.. #.# #.# #.#
######.###
.........##########
#............#
#@#.###.####.#
......O.#..##.# #.#
......#.#..##.# #.#
##..###...^..?# #.#
... ######### #.#
.#


oooOo ##.### #####. #....# o o#... #....# #.#..# You could see a two-headed
ogre.

Vanquished Creatures
  Pikel (D:4)
  Psyche (D:8)
  Grinder (D:4)
  Sigmund (D:2)
  A wyvern (D:8)
  4 humans (D:7)
  Grum (D:8)
  A water moccasin (Sewer)
  2 orc warriors
  An ice beast (D:6)
  A sky beast (D:7)
  3 black bears (D:5)
  4 wolves (D:8)
  3 ogres
  A centaur (D:7)
  A lemure (D:4)
  2 phantoms
  4 bullfrogs
  A kobold brigand (D:7)
  2 necrophages
  2 scorpions
  4 wights (D:7)
  8 killer bees
  4 howler monkeys
  An electric eel (D:7)
  2 hounds
  2 jellies
  5 orc priests
  7 iguanas
  5 orc wizards
  6 gnolls
  6 adders
  4 white imps
  An ufetubus (D:5)
  A worm (D:2)
  2 dart slugs
  19 orcs
  6 ball pythons
  6 endoplasms
  4 giant cockroaches (D:3)
  5 goblins
  8 hobgoblins
  5 jackals
  6 quokkas
  7 bats
  A frilled lizard (D:1)
  8 kobolds
  7 rats
178 creatures vanquished.

Notes
Turn   | Place    | Note
-------+----------+-------------------------------------------
     0 | D:1      | qw the Troll Cinder Acolyte began the quest for the Orb.
     0 | D:1      | Reached XP level 1. HP: 22/22 MP: 1/1
     0 | D:1      | 0 ||| qw: Version: 0.1-a-97-g2dd2ca4
     0 | D:1      | 0 ||| qw: Game counter: 5013
     0 | D:1      | 0 ||| qw: Always use a shield: true
     0 | D:1      | 0 ||| qw: God list: Okawaru
     0 | D:1      | 0 ||| qw: Allow faded altars: false
     0 | D:1      | 0 ||| qw: Do Orc after D:15 true
     0 | D:1      | 0 ||| qw: Do second Lair branch before Depths: true
     0 | D:1      | 0 ||| qw: Lair rune preference: random
     0 | D:1      | 0 ||| qw: Plans: Normal
     0 | D:1      | 0 ||| PLANNING D:1-11
   325 | D:1      | Reached XP level 2. HP: 29/29 MP: 2/2
   714 | D:1      | 714 ||| UPGRADING to +4 ring of protection.
   715 | D:1      | 715 ||| READING scroll labelled EQUOGA RIKH.
   716 | D:1      | 716 ||| READING scroll labelled VAITAU WOGEXZU.
   717 | D:1      | 717 ||| READING scroll labelled DEHOCZ BALAO.
   722 | D:1      | 722 ||| DRINKING 4 fizzy dark potions.
   764 | D:2      | 764 ||| Stepping ~*~*~tactically~*~*~ (stealth).
   765 | D:2      | 765 ||| Stepping ~*~*~tactically~*~*~ (stealth).
   769 | D:2      | 769 ||| Stepping ~*~*~tactically~*~*~ (outnumbered).
   770 | D:2      | 770 ||| Stepping ~*~*~tactically~*~*~ (outnumbered).
   771 | D:2      | 771 ||| Stepping ~*~*~tactically~*~*~ (outnumbered).
   786 | D:2      | 786 ||| Stepping ~*~*~tactically~*~*~ (outnumbered).
   787 | D:2      | 787 ||| Stepping ~*~*~tactically~*~*~ (outnumbered).
   789 | D:2      | Reached skill level 4 in Unarmed Combat
   970 | D:2      | 970 ||| Stepping ~*~*~tactically~*~*~ (stealth).
   975 | D:2      | Noticed Sigmund
   976 | D:2      | 976 ||| Stepping ~*~*~tactically~*~*~ (stealth).
   979 | D:2      | 979 ||| Stepping ~*~*~tactically~*~*~ (hiding).
   980 | D:2      | 980 ||| Stepping ~*~*~tactically~*~*~ (hiding).
   984 | D:2      | 984 ||| Stepping ~*~*~tactically~*~*~ (outnumbered).
   986 | D:2      | Reached XP level 3. HP: 33/36 MP: 3/3
   992 | D:2      | Killed Sigmund
   993 | D:2      | Reached skill level 6 in Unarmed Combat
   993 | D:2      | Reached XP level 4. HP: 41/44 MP: 4/4
   993 | D:2      | Reached XP level 5. HP: 46/50 MP: 5/5
  1360 | D:2      | Found a faded altar of an unknown god.
  1440 | D:2      | 1440 ||| READING 2 scrolls labelled UMUQ LIAFECI.
  1441 | D:2      | 1441 ||| DRINKING 2 pink potions.
  1442 | D:2      | 1442 ||| DRINKING 2 fizzy sapphire potions.
  1443 | D:2      | 1443 ||| DROPPING potion of degeneration.
  1474 | D:3      | 1474 ||| PLANNING SEWER
  1632 | D:3      | 1632 ||| Stepping ~*~*~tactically~*~*~ (hiding).
  1641 | D:3      | 1641 ||| DRINKING 4 potions of curing.
  1641 | D:3      | 1641 ||| (to cure confusion)
  1650 | D:3      | 1650 ||| Stepping ~*~*~tactically~*~*~ (stealth).
  1651 | D:3      | 1651 ||| Stepping ~*~*~tactically~*~*~ (stealth).
  1728 | D:3      | Identified the +1 chain mail "Zynkear" {Harm Will+++ Int+4
                  | Stlth-}
  1830 | D:3      | Found a glowing drain.
  1849 | D:3      | Reached XP level 6. HP: 44/59 MP: 6/6
  1870 | Sewer    | Entered a sewer
  1908 | Sewer    | Noticed a water moccasin
  1922 | Sewer    | Killed a water moccasin
  1923 | Sewer    | Reached skill level 7 in Unarmed Combat
  2008 | Sewer    | 2008 ||| READING scroll labelled GAEWIL WUUHEYP.
  2009 | Sewer    | 2009 ||| READING scroll labelled EGISEST HUIHA.
  2024 | D:3      | 2024 ||| PLANNING D:1-11
  2489 | D:3      | 2489 ||| UPGRADING to amulet of guardian spirit.
  2494 | D:3      | 2494 ||| READING 4 scrolls of identify.
  2494 | D:3      | 2494 ||| IDENTIFYING bubbling purple potion
  2495 | D:3      | 2495 ||| READING 3 scrolls of identify.
  2495 | D:3      | 2495 ||| IDENTIFYING blue potion
  2496 | D:3      | 2496 ||| READING 2 scrolls of identify.
  2496 | D:3      | 2496 ||| IDENTIFYING lumpy amethyst potion
  2497 | D:3      | 2497 ||| DROPPING potion of attraction.
  2498 | D:3      | 2498 ||| DROPPING potion of flight.
  2546 | D:4      | Noticed an orc warrior
  2548 | D:4      | 2548 ||| INVOKING Fiery Armour.
  2552 | D:4      | 2552 ||| Stepping ~*~*~tactically~*~*~ (outnumbered).
  2553 | D:4      | 2553 ||| Stepping ~*~*~tactically~*~*~ (outnumbered).
  2556 | D:4      | Killed an orc warrior
  2557 | D:4      | Reached skill level 8 in Unarmed Combat
  2557 | D:4      | Reached XP level 7. HP: 36/66 MP: 3/7
  2602 | D:4      | 2602 ||| Stepping ~*~*~tactically~*~*~ (stealth).
  2609 | D:4      | 2609 ||| Stepping ~*~*~tactically~*~*~ (outnumbered).
  2711 | D:4      | 2711 ||| Stepping ~*~*~tactically~*~*~ (hiding).
  2715 | D:4      | Reached skill level 3 in Fighting
  2775 | D:4      | 2775 ||| Stepping ~*~*~tactically~*~*~ (stealth).
  3049 | D:4      | Noticed Pikel
  3052 | D:4      | 3052 ||| Stepping ~*~*~tactically~*~*~ (outnumbered).
  3053 | D:4      | 3053 ||| Stepping ~*~*~tactically~*~*~ (outnumbered).
  3054 | D:4      | 3054 ||| Stepping ~*~*~tactically~*~*~ (outnumbered).
  3055 | D:4      | 3055 ||| Stepping ~*~*~tactically~*~*~ (outnumbered).
  3056 | D:4      | 3056 ||| Stepping ~*~*~tactically~*~*~ (outnumbered).
  3060 | D:4      | 3060 ||| Stepping ~*~*~tactically~*~*~ (outnumbered).
  3061 | D:4      | 3061 ||| Stepping ~*~*~tactically~*~*~ (outnumbered).
  3063 | D:4      | 3063 ||| Stepping ~*~*~tactically~*~*~ (outnumbered).
  3067 | D:4      | 3067 ||| Stepping ~*~*~tactically~*~*~ (outnumbered).
  3068 | D:4      | 3068 ||| Stepping ~*~*~tactically~*~*~ (outnumbered).
  3069 | D:4      | 3069 ||| Stepping ~*~*~tactically~*~*~ (outnumbered).
  3070 | D:4      | 3070 ||| Stepping ~*~*~tactically~*~*~ (outnumbered).
  3071 | D:4      | 3071 ||| Stepping ~*~*~tactically~*~*~ (outnumbered).
  3077 | D:4      | 3077 ||| INVOKING Fiery Armour.
  3078 | D:4      | Killed Pikel
  3079 | D:4      | Reached skill level 10 in Unarmed Combat
  3079 | D:4      | Reached XP level 8. HP: 34/75 MP: 3/8
  3197 | D:4      | Noticed Grinder
  3198 | D:4      | 3198 ||| Stepping ~*~*~tactically~*~*~ (hiding).
  3199 | D:4      | 3199 ||| Stepping ~*~*~tactically~*~*~ (hiding).
  3200 | D:4      | 3200 ||| Stepping ~*~*~tactically~*~*~ (hiding).
  3201 | D:4      | 3201 ||| Stepping ~*~*~tactically~*~*~ (hiding).
  3207 | D:4      | Killed Grinder
  3272 | D:4      | 3272 ||| READING scroll labelled DAYPRI VADAZE.
  3273 | D:4      | 3273 ||| DRINKING 2 yellow potions.
  3274 | D:4      | 3274 ||| DRINKING 2 gluggy blue potions.
  3303 | D:4      | 3303 ||| READING 3 scrolls of identify.
  3303 | D:4      | 3303 ||| IDENTIFYING dark potion
  3304 | D:4      | 3304 ||| READING 2 scrolls of identify.
  3304 | D:4      | 3304 ||| IDENTIFYING sapphire potion
  3305 | D:4      | 3305 ||| DROPPING potion of brilliance.
  3306 | D:4      | 3306 ||| DROPPING potion of lignification.
  3329 | D:5      | Entered Level 5 of the Dungeon
  3583 | D:5      | Found a runed translucent door.
  3585 | D:5      | Found a runed translucent door.
  3645 | D:5      | You fall into a shaft and drop 3 floors!
  3685 | D:8      | 3685 ||| READING scroll labelled AMEGAH WAUSI.
  3686 | D:8      | 3686 ||| DRINKING 2 green potions.
  3686 | D:8      | Gained mutation: You are strong-willed. (Will+) [potion of
                  | mutation]
  3686 | D:8      | Gained mutation: You possess an exceptional clarity of
                  | mind. [potion of mutation]
  3722 | D:7      | Reached skill level 11 in Unarmed Combat
  3722 | D:7      | Reached XP level 9. HP: 81/83 MP: 9/9
  3727 | D:7      | 3727 ||| Stepping ~*~*~tactically~*~*~ (stealth).
  3728 | D:7      | 3728 ||| Stepping ~*~*~tactically~*~*~ (stealth).
  3732 | D:7      | 3732 ||| Stepping ~*~*~tactically~*~*~ (stealth).
  3739 | D:7      | 3739 ||| Stepping ~*~*~tactically~*~*~ (stealth).
  3784 | D:6      | Found Zich's Lightly-Used Armoury.
  3806 | D:6      | 3806 ||| SHOPLISTING -2 gold dragon scales (980 gold, have
                  | 315).
  3842 | D:6      | Found a staircase to the Ecumenical Temple.
  3844 | D:6      | 3844 ||| Stepping ~*~*~tactically~*~*~ (stealth).
  3846 | D:6      | 3846 ||| Stepping ~*~*~tactically~*~*~ (stealth).
  3848 | D:6      | 3848 ||| Stepping ~*~*~tactically~*~*~ (hiding).
  3857 | D:6      | 3857 ||| Stepping ~*~*~tactically~*~*~ (hiding).
  3860 | D:6      | 3860 ||| Stepping ~*~*~tactically~*~*~ (hiding).
  3861 | D:6      | 3861 ||| Stepping ~*~*~tactically~*~*~ (hiding).
  3862 | D:6      | 3862 ||| Stepping ~*~*~tactically~*~*~ (hiding).
  4091 | D:6      | 4091 ||| Stepping ~*~*~tactically~*~*~ (hiding).
  4100 | D:6      | 4100 ||| Stepping ~*~*~tactically~*~*~ (stealth).
  4119 | D:6      | 4119 ||| READING scroll labelled PEBRUO OTUCE.
  4120 | D:6      | 4120 ||| READING 3 scrolls of identify.
  4120 | D:6      | 4120 ||| IDENTIFYING amethyst potion
  4121 | D:6      | 4121 ||| DROPPING potion of ambrosia.
  4324 | D:5      | Identified the +8 flail "Rarr" {spect, rN++ Str+3 SInv}
  4337 | D:5      | 4337 ||| READING scroll labelled ADUVONEUVI.
  4338 | D:5      | 4338 ||| READING scroll of teleportation.
  4671 | D:6      | Reached skill level 12 in Unarmed Combat
  4795 | D:6      | 4795 ||| Stepping ~*~*~tactically~*~*~ (stealth).
  4800 | D:6      | 4800 ||| Stepping ~*~*~tactically~*~*~ (stealth).
  4801 | D:6      | 4801 ||| Stepping ~*~*~tactically~*~*~ (stealth).
  4802 | D:6      | 4802 ||| Stepping ~*~*~tactically~*~*~ (stealth).
  5073 | D:6      | 5073 ||| READING 2 scrolls of identify.
  5073 | D:6      | 5073 ||| IDENTIFYING glowing amethyst potion
  5153 | D:6      | 5153 ||| Stepping randomly (stuck).
  5184 | D:7      | 5184 ||| STAIRDANCE
  5191 | D:7      | 5191 ||| STAIRDANCE
  5216 | D:7      | 5216 ||| INVOKING Fiery Armour.
  5221 | D:7      | 5221 ||| Stepping ~*~*~tactically~*~*~ (outnumbered).
  5222 | D:7      | 5222 ||| Stepping ~*~*~tactically~*~*~ (outnumbered).
  5223 | D:7      | 5223 ||| Stepping ~*~*~tactically~*~*~ (outnumbered).
  5224 | D:7      | 5224 ||| Stepping ~*~*~tactically~*~*~ (outnumbered).
  5225 | D:7      | 5225 ||| Stepping ~*~*~tactically~*~*~ (outnumbered).
  5226 | D:7      | 5226 ||| Stepping ~*~*~tactically~*~*~ (outnumbered).
  5228 | D:7      | 5228 ||| Stepping ~*~*~tactically~*~*~ (outnumbered).
  5253 | D:7      | HP: 20/88 [electric eel/bolt of electricity (6)]
  5254 | D:7      | 5254 ||| DRINKING potion of heal wounds.
  5255 | D:7      | HP: 9/88 [electric eel/bolt of electricity (12)]
  5256 | D:7      | HP: 4/88 [human/+0 club (5)]
  5257 | D:7      | 5257 ||| FLEEEEING.
  5261 | D:7      | Reached skill level 13 in Unarmed Combat
  5262 | D:7      | HP: 8/88 [gnoll/+0 whip (3)]
  5268 | D:7      | HP: 13/88 [gnoll/+0 spear (1)]
  5416 | D:7      | 5416 ||| Stepping ~*~*~tactically~*~*~ (stealth).
  5451 | D:7      | Reached XP level 10. HP: 71/96 MP: 5/10
  5811 | D:7      | 5811 ||| Stepping randomly (stuck).
  5950 | D:8      | Noticed Grum
  5951 | D:8      | 5951 ||| INVOKING Fiery Armour.
  5956 | D:8      | 5956 ||| Stepping ~*~*~tactically~*~*~ (outnumbered).
  5974 | D:8      | 5974 ||| Stepping ~*~*~tactically~*~*~ (outnumbered).
  5983 | D:8      | Killed Grum
  5994 | D:8      | 5994 ||| Stepping ~*~*~tactically~*~*~ (stealth).
  5996 | D:8      | 5996 ||| Stepping ~*~*~tactically~*~*~ (stealth).
  5997 | D:8      | 5997 ||| Stepping ~*~*~tactically~*~*~ (stealth).
  6079 | D:8      | 6079 ||| Stepping ~*~*~tactically~*~*~ (hiding).
  6083 | D:8      | 6083 ||| Stepping ~*~*~tactically~*~*~ (hiding).
  6087 | D:8      | 6087 ||| Stepping ~*~*~tactically~*~*~ (outnumbered).
  6090 | D:8      | 6090 ||| Stepping ~*~*~tactically~*~*~ (outnumbered).
  6095 | D:8      | Reached skill level 14 in Unarmed Combat
  6296 | D:8      | 6296 ||| Stepping ~*~*~tactically~*~*~ (stealth).
  6297 | D:8      | 6297 ||| Stepping ~*~*~tactically~*~*~ (stealth).
  6299 | D:8      | 6299 ||| Stepping ~*~*~tactically~*~*~ (hiding).
  6505 | D:8      | Noticed Psyche
  6515 | D:8      | Killed Psyche
  6860 | D:9      | Reached skill level 6 in Fighting
  6927 | D:9      | Found a transporter.
  6927 | D:9      | Found a transporter.
  6930 | D:9      | Noticed a two-headed ogre
  6938 | D:9      | 6938 ||| INVOKING Fiery Armour.
  6938 | D:9      | HP: 9/98 [two-headed ogre/+0 giant club (23)]
  6939 | D:9      | 6939 ||| READING scroll of teleportation.
  6940 | D:9      | Mangled by a two-headed ogre

Levels and vault maps discovered:
D:1:      lemuel_arrival_rhombus, layout_basic, minmay_stone_trees_large,
          lemuel_flame_loot_1
D:2:      layout_loops_cross, shapermc_ecumenical_altar_pompeii, uniq_sigmund
D:3:      layout_loops_corners, gup_sewer_entry_glass
D:4:      layout_gridville, minmay_misc_feat_chi, uniq_pikel, uniq_grinder
D:5:      lemuel_insect_pit, layout_rooms
D:6:      layout_basic, minmay_temple_entry_wispy, minmay_shop_damaged
D:7:      layout_cave_pools, minmay_misc_feat_plants, minmay_crystal_water,
          minmay_ruffians
D:8:      layout_loops_cross, uniq_grum, uniq_psyche
D:9:      gammafunk_beogh_shrine, layout_loops_ring,
          nzn_overflow_gifts_of_might_and_magic, nicolae_shop_self_help

Skill      XL: |  1  2  3  4  5  6  7  8  9 10 |
---------------+-------------------------------+-----
Unarmed Combat | 4 6 8 10 11 13 14 | 14.0
Fighting       | 3 4 5 6 |  6.0
Dodging        | 2 |  2.4
Spellcasting   | |  1.0
Fire Magic     | |  2.1

Action                   |  1- 3 |  4- 6 |  7- 9 | 10-12 || total
-------------------------+-------+-------+-------+-------++-------
Melee: Unarmed           |    57 |    94 |   251 |    90 ||   492
       Punch             |     3 |     1 |    11 |     5 ||    20
Throw: Boomerang         |    23 |    31 |       |       ||    54
Invok: Fiery Armour      |       |     1 |     2 |     2 ||     5
  Use: Scroll            |     3 |     6 |     9 |     1 ||    19
       Potion            |     1 |     3 |     4 |       ||     8
Armor: Robe              |    41 |    33 |   104 |    28 ||   206
Dodge: Dodged            |    43 |    37 |   111 |    47 ||   238

Table legend:
 A = Non-vault XP
 B = Vault XP
 C = Vault XP percentage of total XP
 D = Non-vault monster count
 E = Vault monster count
 F = Vault count percentage of total count
                 A         B        C        D         E       F
            +---------+---------+-------+---------+---------+-------
      Total |    4804 |    3082 |  39.1 |     155 |      22 |  12.4
            +---------+---------+-------+---------+---------+-------
        D:1 |      20 |       0 |   0.0 |      14 |       0 |   0.0
        D:2 |      38 |     231 |  85.9 |      20 |       1 |   4.8
        D:3 |      97 |      22 |  18.5 |      14 |       5 |  26.3
        D:4 |     626 |     870 |  58.2 |      28 |       2 |   6.7
        D:5 |     867 |       0 |   0.0 |      16 |       0 |   0.0
        D:6 |     933 |       0 |   0.0 |      18 |       0 |   0.0
        D:7 |    1044 |     778 |  42.7 |      24 |       4 |  14.3
        D:8 |     886 |    1033 |  53.8 |      14 |       6 |  30.0
        D:9 |     293 |       0 |   0.0 |       7 |       0 |   0.0
      Sewer |       0 |     148 | 100.0 |       0 |       4 | 100.0
            +---------+---------+-------+---------+---------+-------
